 Dungeon Crawl Stone Soup version 0.29.1-13-g9f3cf754e1 (webtiles) character file.

Game seed: 15372576628156969899

61 Descartes the Ducker (level 3, -3/17 HPs)
             Began as a Felid Monk on Jan 28, 2023.
             Was a Priest of Dithmenos.
             Killed from afar by Sigmund (7 damage)
             ... with a magic dart
             ... on level 2 of the Dungeon.
             The game lasted 00:01:39 (1615 turns).

Descartes the Ducker (Felid Monk)                   Turns: 1615, Time: 00:01:40

Health: -3/17      AC:  1    Str:  9    XL:     3   Next: 83%
Magic:  4/4        EV: 19    Int: 11    God:    Dithmenos [***...]
Gold:   132        SH:  0    Dex: 18    Spells: 2/2 levels left
                                        Lives:  0   Deaths: 0

rFire   . . .      SeeInvis +     - Unarmed
rCold   . . .      Faith    .   (shield unavailable)
rNeg    . . .      Spirit   .   (body armour unavailable)
rPois   .          Reflect  .   (helmet unavailable)
rElec   .          Harm     .   (cloak unavailable)
rCorr   .          Rampage  .   (gloves unavailable)
Will    .....                   (boots unavailable)
Stlth   ++++......              (no amulet)
HPRegen 0.05/turn               (no ring)
MPRegen 0.09/turn               (no ring)

@: wreathed by umbra, quick
A: very small, claws 1, fangs 3, see invisible, speed 1, shaggy fur 1, stealthy
paws, no weapons or thrown items, no armour, multi-lived
a: Renounce Religion, Shadow Step


You were on level 2 of the Dungeon.
You worshipped Dithmenos.
Dithmenos was most pleased with you.
You visited 1 branch of the dungeon, and saw 2 of its levels.

You collected 132 gold pieces.

Inventory:

Scrolls
 c - a scroll of amnesia {unknown}
 d - 2 scrolls of noise {unknown}
 e - a scroll of magic mapping {unknown}
 f - a scroll of vulnerability {unknown}
Potions
 a - a potion of ambrosia
 b - a potion of curing {unknown}


   Skills:
 + Level 3.4 Fighting
 + Level 4.7 Dodging
 + Level 3.8 Stealth
 + Level 3.5 Unarmed Combat


You had 2 spell levels left.
You didn't know any spells.
Your spell library was empty.

Dungeon Overview and Level Annotations

Branches:
Dungeon (2/15)

Altars:
Dithmenos

Shops:
D:2 (

Annotations:
D:2 Robin, Sigmund


Innate Abilities, Weirdness & Mutations

You have sharp claws.
You have razor-sharp teeth.
You have supernaturally acute eyesight. (SInv)
You cover ground quickly. (Speed+)
You are covered in fur. (AC +1)
Your paws help you pounce on unaware monsters.
You are incapable of wielding weapons or throwing items.
You cannot wear armour.
You gain extra lives every three experience levels.


Message History

You are too injured to fight recklessly!
You are too injured to fight recklessly!
You are too injured to fight recklessly!
You are too injured to fight recklessly!
You are too injured to fight recklessly!
You are too injured to fight recklessly!
You are too injured to fight recklessly!
You are too injured to fight recklessly!
You are too injured to fight recklessly!
You barely miss Sigmund.
Sigmund is heavily wounded.
Sigmund closely misses you.
You scratch Sigmund.
Sigmund is heavily wounded.
Unknown command.
You closely miss Sigmund.
Sigmund is heavily wounded.
Sigmund completely misses you.
Unknown command.
You scratch Sigmund but do no damage.
Sigmund is heavily wounded.
Sigmund screams, "Die, monster!"
Sigmund casts a spell at you.
You are confused.
Okay, then.
You miss Sigmund.
Sigmund is heavily wounded.
Sigmund closely misses you.
You bump into the rock wall.
Sigmund casts a spell at you. You resist with some effort.
You bump into the rock wall.
Sigmund hits you from afar with a +2 scythe of freezing.
* * * LOW HITPOINT WARNING * * *
Sigmund freezes you.
* * * LOW HITPOINT WARNING * * *
You feel less confused. Sigmund casts a spell at you. The magic dart hits you!
You die...

#.# #.# #.# #.# #.#
#.########.#
#.#..)...#.#
#.#.####.#.#
#####.#.#.##.#.####
......#.#....#..@.#
..........†..>###.#
......#)....#.# #.#
......###.#.#.# #.#
..###.# #.#.#.# #.#
#####.###.#.#.# #@#
.......##.#.#.#
#§###
######.##.#.#.#
#§.§#
#....†..#.#.#.#
###§#


You could see Sigmund.

Vanquished Creatures
  Natasha (D:2)
  A dart slug (D:2)
  4 bats
  4 endoplasms
  2 giant cockroaches
  3 goblins
  5 hobgoblins
  4 quokkas (D:1)
  A ball python (D:1)
  2 frilled lizards (D:1)
  3 kobolds
  A rat (D:1)
31 creatures vanquished.

Notes
Turn   | Place    | Note
-------+----------+-------------------------------------------
     0 | D:1      | Descartes the Felid Monk began the quest for the Orb.
     0 | D:1      | Reached XP level 1. HP: 10/10 MP: 2/2
   251 | D:1      | Reached XP level 2. HP: 14/14 MP: 3/3
   477 | D:1      | Found a faded altar of an unknown god.
   684 | D:1      | Prayed at the altar of an unknown god.
   684 | D:1      | Became a worshipper of Dithmenos the Shadowed
   684 | D:1      | Reached * piety under Dithmenos
   684 | D:1      | Reached ** piety under Dithmenos
   924 | D:1      | Reached *** piety under Dithmenos
  1082 | D:2      | Found Etzuycwu's Antique Weapon Boutique.
  1214 | D:2      | Reached XP level 3. HP: 17/17 MP: 4/4
  1252 | D:2      | Noticed Robin
  1252 | D:2      | Noticed Natasha
  1447 | D:2      | Killed Natasha
  1593 | D:2      | Noticed Sigmund
  1615 | D:2      | Killed from afar by Sigmund

Illustrated notes

Levels and vault maps discovered:
D:1:      lightli_iron_boxes, layout_basic, basic_ecumenical_altar
D:2:      layout_basic, serial_shops, nicolae_shop_advertising_works
          [nicolae_subvault_shop_adworks], grunt_ministairs_5, uniq_robin,
          uniq_natasha, uniq_sigmund

Skill      XL: |  1 |
---------------+----+-----
Stealth        | 3 |  3.8
Fighting       | |  3.4
Dodging        | |  4.7
Unarmed Combat | |  3.5

Action                   || total
-------------------------++-------
Melee: Unarmed           ||    91
       Bite              ||    10
       Punch             ||     2
 Stab: Sleeping          ||     6
Armor: Skin              ||     3
Dodge: Dodged            ||    68
